 Dungeon Crawl Stone Soup version 0.29-a0-925-g0a7a3d12f8 (webtiles) character file.

Game seed: 356606315035186916

65 IdlyInterested the Trooper (level 3, -1/33 HPs)
             Began as a Demonspawn Wanderer on July 29, 2022.
             Killed by nerve-wracking pain
             ... invoked by Grinder
              (4 damage)
             ... while paralysed by Grinder
             ... on level 3 of the Dungeon.
             The game lasted 00:07:09 (3415 turns).

IdlyInterested the Trooper (Demonspawn Wanderer)    Turns: 3415, Time: 00:07:10

Health: -1/33      AC:  2    Str:  9    XL:     3   Next: 92%
Magic:  3/3        EV:  2    Int: 11    God:
Gold:   32         SH:  0    Dex: 19    Spells: 2/2 levels left

rFire   . . .      SeeInvis .   a - +3 dagger
rCold   . . .      Faith    .   c - +0 buckler
rNeg    . . .      Spirit   .   g - +0 robe
rPois   .          Reflect  .   (no helmet)
rElec   .          Harm     .   (no cloak)
rCorr   .          Rampage  .   (no gloves)
Will    +....                   (no boots)
Stlth   +++.......              (no amulet)
HPRegen 0.11/turn               p - ring of willpower
MPRegen 0.08/turn               (no ring)

@: paralysed, flying, invisible
A: foul stench 1
a: no special abilities


You were on level 3 of the Dungeon.
You visited 1 branch of the dungeon, and saw 3 of its levels.

You collected 118 gold pieces.
You spent 86 gold pieces at shops.

Inventory:

Hand Weapons
 a - a +3 dagger (weapon)
 q - a +0 short sword
Missiles
 n - 5 boomerangs (quivered)
Armour
 c - a +0 buckler (worn)
 g - a +0 robe (worn)
 h - a +0 ring mail
Jewellery
 i - an amulet of faith
 p - a ring of willpower (left hand)
Wands
 s - a wand of charming (12)
Scrolls
 b - a scroll of blinking
 e - 3 scrolls of acquirement {unknown}
 f - 3 scrolls of poison {unknown}
 j - 2 scrolls of teleportation {unknown}
 k - 4 scrolls of identify {unknown}
 m - a scroll of vulnerability {unknown}
 u - a scroll of immolation {unknown}
 w - 2 scrolls of butterflies {unknown}
Potions
 d - 2 potions of attraction
 l - a potion of cancellation
 o - a potion of flight
 r - a potion of invisibility
 t - 2 potions of brilliance


   Skills:
 + Level 5.2 Fighting
 + Level 1.2 Short Blades
 + Level 1.2 Dodging
 * Level 3.6 Stealth
 - Level 1.0 Shields
 - Level 1.0 Evocations


You had 2 spell levels left.
You didn't know any spells.
Your spell library contained the following spells:

 Spells                   Type           Power      Damage    Failure   Level
 Slow                     Hex            0%         N/A       43%         1
 Confusing Touch          Hex            0%         N/A       82%         3
 Vampiric Draining        Necr           0%         2d6       82%         3


Dungeon Overview and Level Annotations

Branches:
Dungeon (3/15)

Altars:
Vehumet
Yredelemnul

Shops:
D:2 *

Annotations:
D:3 Grinder


Innate Abilities, Weirdness & Mutations

You may rarely emit foul miasma when damaged in melee.


Message History

Press: ? - help, Q - select action, (/) - cycle Shift-Dir - straight line, f/p - Grinder
Aim: Grinder (heavily wounded, 60% to hit)
You throw a boomerang. The boomerang hits Grinder.
Grinder is severely wounded.
You block Grinder's attack.
You feel better. You block Grinder's attack.
You hit Grinder.
Grinder is severely wounded.
You hit Grinder.
Grinder is severely wounded.
Grinder hits you.
* * * LOW HITPOINT WARNING * * *
You writhe in agony.
* * * LOW HITPOINT WARNING * * *
You feel better. Grinder gestures at you.
You easily resist.
You barely miss Grinder.
Grinder is severely wounded.
Grinder gestures at you. Pain shoots through your body!
* * * LOW HITPOINT WARNING * * *
It was a potion of brilliance.
You feel clever all of a sudden.
Grinder blinks!
It was a potion of cancellation.
Your magical effects are unravelling.
You feel magically purged.
You feel a little less clever now.
It was a potion of flight.
You feel very buoyant.
You fly up into the air.
Grinder says, "FISH!"
It was a potion of invisibility.
You fade into invisibility!
Grinder gestures at you.
You suddenly lose the ability to move!
Grinder gestures at you. Pain shoots through your body!
You die...

.#.##.####..#
.#.##.#####.#########.
...................>.
......######.######.#
#.....# #..# ...
#.....# ##.# ..
......# #.# .# ###
#.....# ##'###.#.....
#####.# #....@....._.
#.. #....5.#.....
#......# ### #........
#.....##.# ........ .#
..#.....## # ..#####?.


You could see Grinder (unable to see you).

Vanquished Creatures
  An adder (D:3)
  5 worms (D:2)
  2 dart slugs (D:1)
  6 endoplasms
  3 giant cockroaches
  4 hobgoblins
  3 quokkas
  A ball python (D:1)
  5 bats
  2 frilled lizards (D:2)
  3 goblins
  A kobold (D:2)
36 creatures vanquished.

Vanquished Creatures (others)
  4 plants (D:1)
4 creatures vanquished.

Grand Total: 40 creatures vanquished

Notes
Turn   | Place    | Note
-------+----------+-------------------------------------------
     0 | D:1      | IdlyInterested the Demonspawn Wanderer began the quest for
                  | the Orb.
     0 | D:1      | IdlyInterested set off with the following items: a +3
                  | dagger, a scroll of blinking, a +0 buckler, a potion of
                  | attraction, a +0 robe.
     0 | D:1      | Reached XP level 1. HP: 21/21 MP: 1/1
   241 | D:1      | Found a faded altar of an unknown god.
   527 | D:1      | Gained mutation: You may rarely emit foul miasma when
                  | damaged in melee. [demonic ancestry]
   527 | D:1      | Reached XP level 2. HP: 23/27 MP: 2/2
  1252 | D:2      | Found Qudazen's Assorted Antiques.
  1387 | D:2      | Reached XP level 3. HP: 19/33 MP: 3/3
  1391 | D:2      | Reached skill level 1 in Dodging
  1626 | D:2      | Reached skill level 1 in Short Blades
  2135 | D:2      | Found a basalt altar of Yredelemnul.
  2824 | D:2      | Bought a sedimented yellow potion for 20 gold pieces
  2824 | D:2      | Bought a sedimented yellow potion for 20 gold pieces
  2824 | D:2      | Bought a scroll labelled IREBES CI PIU for 23 gold pieces
  2824 | D:2      | Bought a scroll labelled YZOM KUOGAOPUO for 23 gold pieces
  3383 | D:3      | Noticed Grinder
  3385 | D:3      | Found a radiant altar of Vehumet.
  3408 | D:3      | HP: 1/33 [Grinder (2)]
  3414 | D:3      | Paralysed by Grinder for 2 turns
  3415 | D:3      | Killed from afar by Grinder

Illustrated notes

Levels and vault maps discovered:
D:1:      nzn_arrival_depleted_hourglass, layout_loops_ring,
          chequers_ecumenical_altar_island, serial_forest,
          infiniplex_forest_clump_small, infiniplex_forest_clump_medium,
          infiniplex_forest_lined_3_way, infiniplex_forest_lined_corner,
          infiniplex_forest_straight_2, infiniplex_forest_clump_diagonal,
          infiniplex_forest_straight_1, infiniplex_forest_zigzag_1,
          infiniplex_forest_clump_large
D:2:      layout_loops_corners, basic_altar, serial_shops,
          nicolae_shop_hallway_stairs, wad_floor_pattern_2, grunt_ministairs_15,
          hex_large, minmay_misc_feat_more_columns
D:3:      layout_basic, vehumet_statue, hex_intersection, uniq_grinder

Skill      XL: |  1  2  3 |
---------------+----------+-----
Stealth        | 3 |  3.6
Dodging        | 1 |  1.2
Short Blades   | 1 |  1.2
Fighting       | |  5.2
Shields        | |  1.0
Evocations     | |  1.0

Action                   || total
-------------------------++-------
Melee: Dagger            ||   144
Throw: Boomerang         ||     9
  Use: Potion            ||     7
 Stab: Sleeping          ||     6
       Distracted        ||     1
Armor: Robe              ||    18
Dodge: Dodged            ||    47
Block: Buckler           ||    17

Table legend: (Time is in decaauts)
 A = Elapsed time spent in this place.
 B = Non-inter-level travel time spent in this place.
 C = Inter-level travel time spent in this place.
 D = Time resting spent in this place.
 E = Time spent auto-exploring this place.
 F = Levels seen in this place.
 G = Mean time per level.
                   A        B        C        D        E       F      G
               +--------+--------+--------+--------+--------+-----+--------+
         Total |   3426 |   3039 |    387 |    618 |   1865 |   3 | 1142.0 |
       Dungeon |   3426 |   3039 |    387 |    618 |   1865 |   3 | 1142.0 |
               +--------+--------+--------+--------+--------+-----+--------+

Top non-repeatable levels by time:
     D:2: 1659 daAuts
     D:1: 1404 daAuts
     D:3: 362 daAuts
